 Dungeon Crawl Stone Soup version 0.23-a0-635-g88ca12a (webtiles) character file.

95 Gildeon the Magician (level 4, -3/24 HPs)
             Began as a Deep Elf Fire Elementalist on Dec 27, 2018.
             Slain by an ice beast (9 damage)
             ... on level 3 of the Dungeon.
             The game lasted 00:15:22 (2764 turns).

Gildeon the Magician (Deep Elf Fire Elementalist)   Turns: 2764, Time: 00:15:22

Health: -3/24      AC:  2    Str:  5    XL:     4   Next: 40%
Magic:  2/12       EV: 13    Int: 21    God:
Gold:   103        SH:  0    Dex: 15    Spells: 1/11 levels left

rFire    . . .     SeeInvis .   p - +0 blowgun
rCold    . . .     Gourm    .   (no shield)
rNeg     . . .     Faith    .   a - +0 robe
rPois    .         Spirit   .   (no helmet)
rElec    .         Reflect  .   (no cloak)
rCorr    .         Harm     .   (no gloves)
MR       .....                  (no boots)
Stlth    ++........             (no amulet)
HPRegen  0.08/turn              (no ring)
MPRegen  0.13/turn              (no ring)

@: no status effects
A: no striking features
a: no special abilities


You were on level 3 of the Dungeon.
You were not hungry.

You visited 1 branch of the dungeon, and saw 3 of its levels.

You collected 103 gold pieces.

Inventory:

Hand Weapons
 i - a +0 dagger
 p - a +0 blowgun (weapon)
Missiles
 o - 7 curare-tipped needles (quivered)
Armour
 a - a +0 robe (worn)
Wands
 f - a wand of random effects (6)
 k - a wand of scattershot (5)
Scrolls
 h - a scroll of remove curse
 m - a scroll of random uselessness {unknown}
Potions
 d - a potion of flight
 e - a potion of resistance
 g - a potion of haste
 j - a potion of curing {unknown}
 l - 2 potions of agility {unknown}
 n - a potion of might {unknown}
Comestibles
 b - a chunk of flesh
 c - 11 rations


   Skills:
 - Level 2.4 Dodging
 - Level 2.4 Stealth
 + Level 4.4 Spellcasting
 + Level 2.8 Conjurations
 + Level 4.2 Fire Magic


You had one spell level left.
You knew the following spells:

 Your Spells              Type           Power        Failure   Level  Hunger
a - Flame Tongue          Conj/Fire      ###..        2%          1    None
b - Throw Flame           Conj/Fire      ###...       4%          2    #......
c - Conjure Flame         Conj/Fire      ###.....     9%          3    ##.....
d - Sticky Flame          Conj/Fire      ###.....     26%         4    ####...

Your spell library contained the following spells:

 Spells                   Type           Power        Failure   Level  Hunger
 Inner Flame              Hex/Fire       ##......     14%         3    ##.....
 Fireball                 Conj/Fire      ###.......   58%         5    ######.


Dungeon Overview and Level Annotations

Branches:
Dungeon (3/15)

Altars:
Elyvilon


Message History

Confirm with . or Enter, or press ? or * to list all spells.
Aiming: Flame Tongue (safe; 2% risk of failure)
Press: ? - help, Shift-Dir - straight line, f/p - ice beast
Aim: an ice beast (heavily wounded)
The flame tongue hits the ice beast.
The ice beast melts!
The ice beast is severely wounded.
The ice beast hits you. The ice beast freezes you!
Ouch! That really hurt!
The ice beast closely misses you.
Casting: Flame Tongue (safe; 2% risk of failure)
Confirm with . or Enter, or press ? or * to list all spells.
Aiming: Flame Tongue (safe; 2% risk of failure)
Press: ? - help, Shift-Dir - straight line, f/p - ice beast
Aim: an ice beast (severely wounded)
The flame tongue hits the ice beast.
The ice beast melts!
The ice beast is severely wounded.
The ice beast hits you.
* * * LOW HITPOINT WARNING * * *
The ice beast freezes you!
You die...

#..........####
#..........#
#..........#
#..........#
#......รท...#
##+##.....######
#..............#
#........#####Y#####
#........# #.@...#
##.##....#########.#
###.##.#'###...# #.#
#......#.# #.#.# #.#
.......#.# #.#.# #.#
(......#.###.#.# #.#
.......#..##.#.# #)#
..Y....#.....#.# #.#
..#.##########.####.#


You could see an ice beast.

Vanquished Creatures
  5 adders
  4 dart slugs
  2 leopard geckos
  3 giant cockroaches
  5 goblins
  6 hobgoblins
  3 jackals (D:2)
  2 kobolds
  2 bats
  A frilled lizard (D:2)
  8 rats
41 creatures vanquished.

Notes
Turn   | Place    | Note
-------+----------+-------------------------------------------
     0 | D:1      | Gildeon the Deep Elf Fire Elementalist began the quest for
                  | the Orb.
     0 | D:1      | Reached XP level 1. HP: 10/10 MP: 6/6
   241 | D:1      | Reached XP level 2. HP: 10/15 MP: 4/8
   245 | D:1      | Learned a level 2 spell: Throw Flame
  1463 | D:2      | Reached XP level 3. HP: 19/19 MP: 0/10
  1468 | D:2      | Learned a level 3 spell: Conjure Flame
  2184 | D:2      | Reached XP level 4. HP: 24/24 MP: 8/12
  2195 | D:2      | Learned a level 4 spell: Sticky Flame
  2198 | D:2      | Found a white marble altar of Elyvilon.
  2714 | D:3      | Noticed an ice beast
  2764 | D:3      | Slain by an ice beast

Vault maps used:
D:1:      wander_arrival_abandoned_jail
D:2:      elyvilon_altar_5
D:3:      first_ration

Skill      XL: |  1  2  3 |
---------------+----------+-----
Conjurations   | 2 |  2.8
Spellcasting   | 4 |  4.4
Fire Magic     | 4 |  4.2
Dodging        | |  2.4
Stealth        | |  2.4

Action                   |  1- 3 |  4- 6 || total
-------------------------+-------+-------++-------
 Cast: Flame Tongue      |    66 |    25 ||    91
       Throw Flame       |     2 |     4 ||     6
  Use: Scroll            |     5 |       ||     5
  Eat: Chunk             |     4 |     1 ||     5
Armor: Robe              |     6 |     2 ||     8
Dodge: Dodged            |    20 |     5 ||    25

Table legend:
 A = Non-vault XP
 B = Vault XP
 C = Vault XP percentage of total XP
 D = Non-vault monster count
 E = Vault monster count
 F = Vault count percentage of total count
                 A         B        C        D         E       F
            +---------+---------+-------+---------+---------+-------
      Total |     137 |       0 |   0.0 |      41 |       0 |   0.0
            +---------+---------+-------+---------+---------+-------
        D:1 |      32 |       0 |   0.0 |      14 |       0 |   0.0
        D:2 |      86 |       0 |   0.0 |      22 |       0 |   0.0
        D:3 |      19 |       0 |   0.0 |       5 |       0 |   0.0
            +---------+---------+-------+---------+---------+-------
